 Dungeon Crawl Stone Soup version 0.24-a0-244-ga6a6ab7 (webtiles) character file.

Game seed: 1608760988129052258

147 Gunnerkreig the Sneak (level 5, -5/46 HPs)
             Began as an Octopode Wizard on Apr 10, 2019.
             Blown up by an orc wizard (18 damage)
             ... with a wand of disintegration (2)
             ... on level 4 of the Dungeon.
             The game lasted 00:08:21 (3565 turns).

Gunnerkreig the Sneak (Octopode Wizard)             Turns: 3565, Time: 00:08:21

Health: -5/46      AC: 22    Str:  6    XL:     5   Next: 29%
Magic:  3/9        EV:  2    Int: 22    God:
Gold:   194        SH:  0    Dex: 10    Spells: 1/10 levels left

rFire    + . .     SeeInvis .   g - +0 scimitar
rCold    . . .     Gourm    .   (no shield)
rNeg     + + +     Faith    .   (helmet currently unavailable)
rPois    +         Spirit   .   (no amulet)
rElec    .         Reflect  .   b - ring of protection from fire
rCorr    .         Harm     .   (no ring)
MR       .....     NoTele   +   (no ring)
Stlth    +++.......             (no ring)
HPRegen  0.15/turn              (no ring)
MPRegen  0.11/turn              (no ring)
                                (no ring)
                                (no ring)

@: tree-form
A: almost no armour, stealthy swim, (amphibious), 8 rings, (constrict 8)
a: no special abilities


You were on level 4 of the Dungeon.
You were not hungry.
You were a tree.
You visited 1 branch of the dungeon, and saw 4 of its levels.

You collected 194 gold pieces.

Inventory:

Hand Weapons
 g - a +0 scimitar (weapon)
 j - a +0 short sword
Missiles
 a - 32 sling bullets
 e - 91 stones (quivered)
 o - 2 tomahawks
Armour
 f - a +2 hat (melded)
 r - a +0 buckler
Jewellery
 b - a ring of protection from fire (left branch)
 s - an uncursed ring of ice
Wands
 t - a wand of iceblast (11)
Scrolls
 h - 2 scrolls of remove curse {unknown}
 i - 3 scrolls of teleportation {unknown}
 k - a scroll of enchant armour {unknown}
 l - 3 scrolls of amnesia {unknown}
 m - 2 scrolls of immolation {unknown}
 u - 6 scrolls of identify
 v - a scroll of enchant weapon {unknown}
Potions
 d - 2 potions of lignification
 n - a potion of invisibility
 p - 2 potions of curing
 q - 2 potions of flight
 w - 2 potions of resistance
Comestibles
 c - 9 rations


   Skills:
 - Level 2.0 Dodging
 - Level 5.0 Stealth
 - Level 3.0 Spellcasting
 + Level 3.0 Conjurations
 + Level 1.1 Summonings
   Level 1.0 Translocations
 + Level 2.0 Air Magic
 - Level 1.0 Poison Magic


You had one spell level left.
You knew the following spells:

 Your Spells              Type           Power        Failure   Level  Hunger
a - Magic Dart            Conj           ###.         3%          1    None
b - Conjure Flame         Conj/Fire      ##......     21%         3    ###....
c - Mephitic Cloud        Conj/Pois/Air  ##......     16%         3    ###....
w - Call Imp              Summ           #.......     12%         2    ##.....

Your spell library contained the following spells:

 Spells                   Type           Power        Failure   Level  Hunger
 Blink                    Tloc           N/A          12%         2    ##.....
 Slow                     Hex            #.......     19%         2    ##.....


Dungeon Overview and Level Annotations

Branches:
Dungeon (4/15)
 Temple: D:4-7

Altars:


Innate Abilities, Weirdness & Mutations

You cannot wear most types of armour.
You are very stealthy in the water. (Stealth+)
((You are amphibious.))
You can wear up to eight rings at the same time.
((You can use your tentacles to constrict eight enemies at once.))
((Your skin changes colour to match your surroundings (Stealth+).))
((Your rubbery body absorbs attacks. (AC +1, EV +1)))


Message History

A puff of frost appears from out of thin air!
The puff of frost misses you.
You hear a zap.
You are blasted!
* * * LOW HITPOINT WARNING * * *
You hear a zap.
Something tries to affect you, but you resist.
Really quaff the potion of lignification?
You turn into a tree.
Your +2 hat melds into your body.
Your roots penetrate the ground.
The adder hisses angrily.
Something hits you but does no damage.
You closely miss something.
You hear a zap.
Something tries to affect you, but you resist.
Something hits you but does no damage.
You barely miss something.
You hear a zap.
You are blasted!
You die...

.. #. #.
##.##
#....
..$S# #
#.#{#
#.#.#♣#
#.#.#.#
#.....#
###...#
######...#
#........#
#.#####..#
#..#
#######..#
.#


You could see an adder.

Vanquished Creatures
  3 gnolls (D:2)
  2 adders (D:2)
  A shadow imp (D:3)
  3 worms
  3 dart slugs
  A leopard gecko (D:2)
  6 orcs
  2 ball pythons (D:3)
  8 bats
  A giant cockroach (D:2)
  8 goblins
  7 hobgoblins
  2 jackals (D:3)
  2 quokkas
  5 frilled lizards
  10 kobolds
  7 rats
71 creatures vanquished.

Notes
Turn   | Place    | Note
-------+----------+-------------------------------------------
     0 | D:1      | Gunnerkreig the Octopode Wizard began the quest for the
                  | Orb.
     0 | D:1      | Reached XP level 1. HP: 11/11 MP: 4/4
    72 | D:1      | Reached skill level 3 in Stealth
   269 | D:1      | Reached XP level 2. HP: 17/17 MP: 0/6
   803 | D:1      | Reached XP level 3. HP: 21/21 MP: 0/7
   947 | D:2      | Learned a level 3 spell: Conjure Flame
   951 | D:2      | Learned a level 3 spell: Mephitic Cloud
  1026 | D:2      | Reached skill level 4 in Stealth
  1246 | D:2      | Reached skill level 1 in Poison Magic
  1327 | D:2      | Reached XP level 4. HP: 27/27 MP: 0/8
  1488 | D:2      | Reached skill level 1 in Air Magic
  2737 | D:3      | Reached XP level 5. HP: 31/31 MP: 7/9
  2859 | D:3      | Reached skill level 5 in Stealth
  2996 | D:3      | Learned a level 2 spell: Call Imp
  3565 | D:4      | Blown up by an orc wizard

Levels and vault maps discovered:
D:1:      zaba_arrival_water, layout_loops_ring
D:2:      layout_loops_corners
D:3:      layout_loops_ring, minmay_quantized
D:4:      layout_basic, tgw_trog

Skill      XL: |  1  2  3  4  5 |
---------------+----------------+-----
Stealth        | 3 4 5 |  5.0
Conjurations   | 2 3 |  3.0
Poison Magic   | 1 |  1.0
Air Magic      | 1 2 |  2.0
Dodging        | |  2.0
Spellcasting   | |  3.0
Summonings     | |  1.1
Translocations | |  1.0

Action                   |  1- 3 |  4- 6 || total
-------------------------+-------+-------++-------
Melee: Unarmed           |     8 |       ||     8
       Constrict         |     4 |     5 ||     9
       Tentacles         |     2 |     4 ||     6
       Whip              |     2 |       ||     2
       Short sword       |     6 |     1 ||     7
       Scimitar          |       |    16 ||    16
 Cast: Magic Dart        |    69 |    92 ||   161
       Conjure Flame     |       |     1 ||     1
  Use: Scroll            |       |     3 ||     3
       Potion            |       |     1 ||     1
  Eat: Chunk             |     1 |     7 ||     8
Armor: Skin              |     4 |     3 ||     7
Dodge: Dodged            |    17 |    10 ||    27
       Rpst.: Scimitar   |       |     4 ||     4

Table legend:
 A = Non-vault XP
 B = Vault XP
 C = Vault XP percentage of total XP
 D = Non-vault monster count
 E = Vault monster count
 F = Vault count percentage of total count
                 A         B        C        D         E       F
            +---------+---------+-------+---------+---------+-------
      Total |     201 |      10 |   4.7 |      67 |       4 |   5.6
            +---------+---------+-------+---------+---------+-------
        D:1 |      34 |       0 |   0.0 |      21 |       0 |   0.0
        D:2 |     112 |       0 |   0.0 |      25 |       0 |   0.0
        D:3 |      55 |      10 |  15.4 |      21 |       4 |  16.0
            +---------+---------+-------+---------+---------+-------
